 Dungeon Crawl Stone Soup version 0.31-a0-803-g95b03c3367 (webtiles) character file.

Game seed: 8605912752942750951

5988 Newt the Spear-Bearer (level 10, -9/79 HPs)
             Began as a Demonspawn Gladiator on Sept 20, 2023.
             Was a Follower of Hepliaklqana.
             Shot with an arrow by a centaur warrior (23 damage)
             ... on level 8 of the Dungeon.
             The game lasted 00:10:23 (7005 turns).

Newt the Spear-Bearer (Demonspawn Gladiator)        Turns: 7005, Time: 00:10:24

Health: -9/79      AC:  8    Str: 17    XL:     10   Next: 55%
Magic:  10/10      EV: 17    Int: 14    God:    Hepliaklqana [*.....]
Gold:   249        SH:  6    Dex: 29    Spells: 9/9 levels left

rFire   + . .        o - +8 trident "Fuos Xia" {freeze, *Slow rF+ rC+ Dex+3}
rCold   + . .        (no shield)
rNeg    . . .        K - +0 steam dragon scales
rPois   .            (helmet restricted)
rElec   .            O - +0 cloak
rCorr   .            (no gloves)
SInv    .            (no boots)
Will    .....        (no amulet)
Stlth   ++           j - +6 ring of dexterity
HPRegen 0.33/turn    P - +6 ring of intelligence
MPRegen 0.24/turn

%: slow self (1%)
@: no status effects
A: reduced essence, horns 2, large bone plates 2, magic regeneration, agile 1,
robust 1
a: Renounce Religion, Recall Ancestor, Ancestor Identity


You were on level 8 of the Dungeon.
You worshipped Hepliaklqana.
Hepliaklqana was aware of your devotion.
You visited 2 branches of the dungeon, and saw 9 of its levels.

You collected 532 gold pieces.
You spent 283 gold pieces at shops.

Inventory:

Hand Weapons
 a - a +0 rapier
 o - the +8 trident "Fuos Xia" (weapon) {freeze, *Slow rF+ rC+ Dex+3}
   (You found it on level 2 of the Dungeon)

   Dex+3:     It affects your dexterity (+3).
   rF+:       It protects you from fire.
   rC+:       It protects you from cold.
   *Slow:     It may slow you when you take damage.
Missiles
 d - 2 throwing nets
 e - 4 javelins
 g - 85 stones
 n - 17 poisoned darts (quivered)
 x - 3 datura-tipped darts
 z - 2 boomerangs
Armour
 b - a +1 leather armour
 c - a +0 helmet
 K - +0 steam dragon scales (worn)
 O - a +0 cloak (worn)
Jewellery
 j - a +6 ring of dexterity (left hand)
 D - a ring of ice
 P - a +6 ring of intelligence (right hand)
Wands
 L - a wand of iceblast (4)
Scrolls
 k - a scroll of blinking {unknown}
 p - a scroll of acquirement {unknown}
 r - 2 scrolls of enchant armour
 s - a scroll of fear
 t - 2 scrolls of noise
 w - 3 scrolls of amnesia
 y - a scroll of fog
 A - a scroll of enchant weapon
 B - a scroll of revelation
 F - a scroll of brand weapon {unknown}
 I - a scroll of torment {unknown}
 M - a scroll of teleportation {unknown}
 N - 2 scrolls of identify
Potions
 f - a potion of mutation
 h - a potion of lignification
 i - 2 potions of haste
 m - 2 potions of might
 q - a potion of degeneration
 u - a potion of resistance
 v - a potion of magic {unknown}
 E - a potion of enlightenment {unknown}
 G - a potion of heal wounds {unknown}
 H - 2 potions of berserk rage {unknown}
 J - a potion of brilliance {unknown}


   Skills:
 - Level 7.0 Fighting
 - Level 2.6 Short Blades
 - Level 10.0 Polearms
 - Level 1.7 Throwing
 + Level 7.7 Armour
 - Level 5.0 Dodging


You had 9 spell levels left.
You didn't know any spells.
Your spell library contained the following spells:

 Spells                   Type           Power      Damage    Failure   Level
 Foxfire                  Conj/Fire      0%         2x1d4     28%         1
 Freeze                   Ice            0%         1d3       28%         1
 Magic Dart               Conj           0%         1d3       28%         1
 Sting                    Tmut/Pois      0%         1d3       28%         1
 Blink                    Tloc           0%         N/A       41%         2
 Lesser Beckoning         Tloc           0%         N/A       41%         2
 Momentum Strike          Conj/Tloc      0%         3d8       41%         2
 Poisonous Vapours        Pois/Air       0%         N/A       41%         2
 Searing Ray              Conj           0%         2d4       41%         2
 Frozen Ramparts          Ice            0%         1d1       65%         3
 Hailstorm                Conj/Ice       0%         3d3       65%         3
 Inner Flame              Hex/Fire       0%         N/A       65%         3
 Stone Arrow              Conj/Erth      0%         3d7       65%         3
 Animate Armour           Summ/Erth      0%         N/A       96%         4
 Flame Wave               Conj/Fire      0%         2d4       96%         4
 Fulminant Prism          Conj/Hex       0%         3d5       96%         4
 Olgreb's Toxic Radiance  Pois           0%         N/A       96%         4
 Sticky Flame             Conj/Fire      0%         2d3       96%         4
 Plasma Beam              Fire/Air       0%         2x1d10    100%        6
 Starburst                Conj/Fire      0%         6d3       100%        6
 Lehudib's Crystal Spear  Conj/Erth      0%         10d2      100%        8


Dungeon Overview and Level Annotations

Branches:
Dungeon (8/15)             Temple (1/1) D:5            Lair (0/5) D:8

Altars:
Ashenzari
Cheibriados
Fedhas
Gozag
Hepliaklqana
Kikubaaqudgha
Makhleb
Nemelex Xobeh
Okawaru
Qazlal
Ru
Sif Muna
Trog
Uskayaw
Vehumet
Xom
Yredelemnul

Shops:
D:1 (   D:4 *   D:6 *   D:7 =:


Innate Abilities, Weirdness & Mutations

Your life essence is reduced to manifest your ancestor. (-10% HP)
You have a pair of horns on your head.
You are mostly covered in large bone plates. (SH +6)
You regenerate magic rapidly.
You are agile. (Dex +4, Str/Int -1)
You are robust. (+10% HP)


Message History

No target in view!
No target in view!
No target in view!
No target in view!
w - 3 scrolls of amnesia (gained 1)
You swap places.
Items here: ))))))) [[[.
You see here a boulder beetle corpse.
A centaur warrior comes into view.
A centaur warrior is nearby!
A centaur warrior is nearby!
A centaur warrior is nearby!
Found a phial of floods.
The centaur warrior shouts!
The centaur warrior wields a +0 orcbow.
The centaur warrior shoots an arrow.
The arrow hits you!
The centaur warrior shoots an arrow.
You block the arrow.
The centaur warrior shoots an arrow.
The arrow hits you!!
The centaur warrior shoots an arrow.
You block the arrow.
The centaur warrior shoots an arrow.
The arrow hits you!!
* * * LOW HITPOINT WARNING * * *
You are too injured to fight recklessly!
Unknown command.
The centaur warrior shoots an arrow.
The arrow closely misses you.
The centaur warrior shoots an arrow.
The arrow hits you.
* * * LOW HITPOINT WARNING * * *
Unknown command.
Unknown command.
Okay, then.
The centaur warrior shoots an arrow.
The arrow hits Numeria!
Unknown command.
Aiming: Iceblast
Press: ? - help, Shift-Dir - straight line, f - centaur warrior
Aim: a centaur warrior, wielding a +0 orcbow (ally target)
The mass of ice explodes!
The iceblast engulfs the centaur warrior!
The centaur warrior is lightly wounded.
The centaur warrior shoots an arrow.
The arrow barely misses Numeria.
The arrow hits you!!
You die...

..................##
.....#####.#.......# .....#
#.#.###..... .....# #.#.#}####..
.....# #...##c..#####.. ..####
###..#.......... ..#
#..#R.#.....# ..# #..##..#
..###########..#@.# #.. ####
..##...........#..# #..##...
####...........#..# #......#
#..........##..#####. #..#..#
#..........#..#[....# #..#..#
#..........#......... #.....#
####.........##...#####. #....#
..##........)#†####...#### #.....
..##.........)##.........###..[##


You could see the friendly Numeria the ancestor and a centaur warrior (ally
target).

Vanquished Creatures
  2 boulder beetles (D:8)
  Pikel (D:5)
  Maggie (D:6)
  Grinder (D:6)
  A wyvern (D:8)
  A steam dragon (D:8)
  Menkaure (D:4)
  Edmund (D:5)
  2 water moccasins
  Duvessa (D:5)
  5 black bears
  2 ice beasts (D:6)
  2 ogres
  2 centaurs (D:8)
  2 kobold brigands
  A lemure (D:5)
  Blork the orc (D:6)
  3 bullfrogs (D:8)
  2 scorpions
  Dowan (D:5)
  9 wights
  A killer bee (D:8)
  An electric eel (D:7)
  A hound (D:5)
  4 jellies
  A gnoll bouda (D:8)
  2 iguanas
  Terence (D:3)
  4 sleepcaps
  2 orc wizards
  8 gnolls
  10 adders
  3 white imps
  An ufetubus (D:6)
  A worm (D:4)
  4 dart slugs
  14 orcs
  2 bats (D:2)
  7 endoplasms
  6 giant cockroaches
  9 goblins
  4 hobgoblins
  9 jackals
  15 kobolds
  2 quokkas (D:1)
  13 ball pythons
  2 frilled lizards (D:2)
  3 rats
172 creatures vanquished.

Vanquished Creatures (collateral kills)
  A vampire (D:8)
  A water moccasin (D:8)
  A sleepcap (D:8)
  An orc (D:8)
  A kobold (D:8)
5 creatures vanquished.

Vanquished Creatures (others)
  2 ancestors (D:8)
2 creatures vanquished.

Grand Total: 179 creatures vanquished

Notes
Turn   | Place    | Note
-------+----------+-------------------------------------------
     0 | D:1      | Newt the Demonspawn Gladiator began the quest for the Orb.
     0 | D:1      | Reached XP level 1. HP: 16/16 MP: 1/1
    23 | D:1      | Found Egiov's Antique Weapon Shop.
   221 | D:1      | Gained mutation: You have a pair of small horns on your
                  | head. [demonic ancestry]
   221 | D:1      | Reached XP level 2. HP: 21/23 MP: 2/2
   563 | D:1      | Found a faded altar of an unknown god.
   571 | D:1      | Reached XP level 3. HP: 28/29 MP: 3/3
   729 | D:2      | Identified the +8 trident "Fuos Xia" {freeze, *Slow rF+ rC+
                  | Dex+3}
   808 | D:2      | Reached skill level 1 in Polearms
  1006 | D:2      | Gained mutation: You regenerate magic rapidly. [demonic
                  | ancestry]
  1006 | D:2      | Reached XP level 4. HP: 35/37 MP: 4/4
  1169 | D:3      | Reached skill level 2 in Polearms
  1444 | D:3      | Reached XP level 5. HP: 42/42 MP: 5/5
  1447 | D:3      | Noticed Terence
  1451 | D:3      | Killed Terence
  1452 | D:3      | Reached skill level 3 in Polearms
  1840 | D:4      | Gained mutation: Your spells are a little harder to cast,
                  | but a little more powerful. [potion of mutation]
  1840 | D:4      | Gained mutation: Potions are less effective at restoring
                  | your health. [potion of mutation]
  1840 | D:4      | Gained mutation: You occasionally shout uncontrollably at
                  | your foes. [potion of mutation]
  1841 | D:4      | Lost mutation: You occasionally shout uncontrollably at
                  | your foes. [potion of mutation]
  1841 | D:4      | Lost mutation: Your spells are a little harder to cast, but
                  | a little more powerful. [potion of mutation]
  1841 | D:4      | Gained mutation: Your body sometimes deteriorates upon
                  | taking damage. [potion of mutation]
  1841 | D:4      | Gained mutation: You are strong-willed. (Will+) [potion of
                  | mutation]
  1842 | D:4      | Lost mutation: You are strong-willed. (Will+) [potion of
                  | mutation]
  1842 | D:4      | Lost mutation: Potions are less effective at restoring your
                  | health. [potion of mutation]
  1842 | D:4      | Lost mutation: Your body sometimes deteriorates upon taking
                  | damage. [potion of mutation]
  1842 | D:4      | Gained mutation: You are agile. (Dex +4, Str/Int -1)
                  | [potion of mutation]
  1842 | D:4      | Gained mutation: You are robust. (+10% HP) [potion of
                  | mutation]
  1900 | D:4      | Found a blossoming altar of Fedhas.
  1926 | D:4      | Reached skill level 4 in Polearms
  1951 | D:4      | Found Vacsoec's General Store.
  1955 | D:4      | Reached XP level 6. HP: 52/52 MP: 6/6
  1961 | D:4      | Bought a scroll of enchant weapon for 75 gold pieces
  1961 | D:4      | Bought a scroll of revelation for 75 gold pieces
  1961 | D:4      | Bought a scroll of identify for 20 gold pieces
  2046 | D:4      | Noticed Menkaure
  2064 | D:4      | Found a sacrificial altar of Ru.
  2076 | D:4      | Killed Menkaure
  2077 | D:4      | Reached skill level 5 in Polearms
  2138 | D:4      | Gained mutation: You have a pair of horns on your head.
                  | [demonic ancestry]
  2138 | D:4      | Reached XP level 7. HP: 21/59 MP: 7/7
  2871 | D:5      | Entered Level 5 of the Dungeon
  3010 | D:5      | Reached skill level 5 in Dodging
  3020 | D:5      | Found a staircase to the Ecumenical Temple.
  3021 | D:5      | Noticed Duvessa
  3035 | D:5      | Noticed Dowan
  3052 | D:5      | Killed Duvessa
  3053 | D:5      | Reached skill level 5 in Fighting
  3059 | D:5      | Killed Dowan
  3427 | Temple   | Entered the Ecumenical Temple
  3499 | Temple   | Became a worshipper of Hepliaklqana the Forgotten
  3710 | D:5      | Gained mutation: You are partially covered in large bone
                  | plates. (SH +4) [demonic ancestry]
  3710 | D:5      | Reached XP level 8. HP: 70/70 MP: 8/8
  3720 | D:5      | Noticed Pikel
  3732 | D:5      | Killed Pikel
  3733 | D:5      | Reached skill level 6 in Polearms
  3812 | D:5      | Noticed Edmund
  3818 | D:5      | Killed Edmund
  3883 | D:5      | Found a shimmering blue altar of Sif Muna.
  4390 | D:6      | Reached skill level 7 in Polearms
  4484 | D:6      | Noticed Grinder
  4491 | D:6      | Paralysed by Grinder for 5 turns
  4497 | D:6      | Killed Grinder
  4498 | D:6      | Gained mutation: You are mostly covered in large bone
                  | plates. (SH +6) [demonic ancestry]
  4498 | D:6      | Reached XP level 9. HP: 36/79 MP: 9/9
  4637 | D:6      | Reached skill level 8 in Polearms
  4779 | D:6      | Found a bloodstained altar of Trog.
  4812 | D:6      | Found Wata's Assorted Antiques.
  4820 | D:6      | Bought a brown potion for 26 gold pieces
  4820 | D:6      | Bought a scroll labelled HUTWIE LOCO for 29 gold pieces
  4820 | D:6      | Bought a scroll of identify for 58 gold pieces
  5103 | D:6      | Noticed Blork the orc
  5108 | D:6      | Killed Blork the orc
  5294 | D:6      | Reached skill level 9 in Polearms
  5295 | D:6      | Noticed Maggie
  5313 | D:6      | Killed Maggie
  5538 | D:7      | Reached * piety under Hepliaklqana
  5581 | D:7      | Reached skill level 10 in Polearms
  5581 | D:7      | Reached skill level 1 in Armour
  5864 | D:7      | Found Kesorr's Jewellery Shoppe.
  5875 | D:7      | Found Joopy's Vocational Training.
  6129 | D:8      | Reached XP level 10. HP: 42/79 MP: 10/10
  6141 | D:8      | Noticed a boulder beetle
  6153 | D:8      | Found a staircase to the Lair.
  6159 | D:8      | HP: 3/79 [boulder beetle (17)]
  6166 | D:8      | Killed a boulder beetle
  6167 | D:8      | Reached skill level 5 in Armour
  6712 | D:8      | Identified the +2 shortbow of Okawaru's Regard {elec,
                  | *Corrode rN+ SInv}
  6868 | D:8      | Noticed a boulder beetle
  6886 | D:8      | Killed a boulder beetle
  6998 | D:8      | Noticed a centaur warrior
  7005 | D:8      | Shot with an arrow by a centaur warrior

Illustrated notes

Levels and vault maps discovered:
D:1:      wander_arrival_lonely_grave, layout_rooms,
          hellmonk_ecumenical_altar_zigzags, serial_shops,
          nicolae_shop_rolling_square, dreamdust_wishing_well,
          minmay_misc_feat_tiny
D:2:      layout_basic
D:3:      layout_loops_cross, uniq_terence
D:4:      layout_loops_ring, mainiacjoe_overflow_chevrons,
          mainiacjoe_overflow_catwalk, serial_shops, shop,
          minmay_misc_feat_encased, serial_bayou_lagoon_b, uniq_menkaure
D:5:      layout_loops_ring, lemuel_blue_sif_altar,
          minmay_temple_entry_mini_moons, uniq_duvessa, uniq_edmund, uniq_pikel
D:6:      layout_loops_ring, bloody_trog, serial_shops,
          nicolae_shop_just_a_little_nook, serial_aquarium,
          aquarium_bridge_square [aquarium_subvault_bridge,
          aquarium_subvault_balcony, aquarium_subvault_wall,
          aquarium_subvault_balcony], aquarium_window_fake,
          aquarium_window_corridor_2, aquarium_view_2c, aquarium_view_2b,
          aquarium_balcony_5b, uniq_blork_the_orc, uniq_grinder, uniq_maggie
D:7:      layout_cave_pools, serial_shops, nicolae_stop_n_shop_2,
          minmay_misc_feat_x, nicolae_lava_and_water, nicolae_shop_vocational
D:8:      layout_basic, lair_entry_dummy, minmay_pinched_square
Temple:   minmay_temple_bridge_d

Skill      XL: |  1  2  3  4  5  6  7  8  9 10 |
---------------+-------------------------------+-----
Fighting       | 3 4 6 7 |  7.0
Polearms       | 1 2 4 5 7 10 | 10.0
Dodging        | 4 5 |  5.0
Armour         | 4 7 |  7.7
Short Blades   | |  2.6
Throwing       | |  1.7

Action                     |  1- 3 |  4- 6 |  7- 9 | 10-12 || total
---------------------------+-------+-------+-------+-------++-------
  Melee: Rapier            |    86 |       |       |       ||    86
         Headbutt          |    10 |     7 |    30 |    11 ||    58
         Trident           |    18 |    75 |   194 |    59 ||   346
         Punch             |       |     1 |     2 |     1 ||     4
  Throw: Stone             |     4 |       |       |       ||     4
         Boomerang         |       |       |     1 |       ||     1
         Dart              |       |       |       |     3 ||     3
         Throwing net      |       |       |       |     2 ||     2
  Evoke: Wand              |       |       |     1 |     4 ||     5
    Use: Scroll            |       |     5 |     6 |     1 ||    12
         Potion            |       |     5 |     1 |     2 ||     8
   Stab: Sleeping          |     4 |     7 |     6 |       ||    17
 Armour: Leather armour    |    60 |    21 |    42 |       ||   123
         Steam dragon scal |       |       |    16 |    23 ||    39
  Dodge: Dodged            |    68 |    22 |    69 |    29 ||   188
  Block: Other             |       |       |    22 |     7 ||    29

Table legend: (Time is in decaauts)
 A = Elapsed time spent in this place.
 B = Non-inter-level travel time spent in this place.
 C = Inter-level travel time spent in this place.
 D = Time resting spent in this place.
 E = Time spent auto-exploring this place.
 F = Levels seen in this place.
 G = Mean time per level.
                   A        B        C        D        E       F      G
               +--------+--------+--------+--------+--------+-----+--------+
         Total |   7007 |   6660 |    347 |   1299 |   4297 |   9 |  778.6 |
       Dungeon |   6863 |   6659 |    204 |   1299 |   4297 |   8 |  857.9 |
        Temple |    144 |      1 |    143 |      0 |      0 |   1 |  144.0 |
               +--------+--------+--------+--------+--------+-----+--------+

Top non-repeatable levels by time:
     D:6: 1279 daAuts
     D:5: 1217 daAuts
     D:4: 1058 daAuts
     D:7: 849 daAuts
     D:3: 700 daAuts
     D:1: 671 daAuts
     D:8: 608 daAuts
     D:2: 476 daAuts
  Temple: 144 daAuts
